 Dungeon Crawl Stone Soup version 0.17.1-3-g152610e (webtiles) character file.

33 Gargoyl the Skirmisher (level 3, -5/29 HPs)
             Began as a Demonspawn Abyssal Knight on Apr 23, 2016.
             Was a Follower of Lugonu.
             Slain by Crazy Yiuf
             ... wielding a +3 quarterstaff of chaos
              (11 damage)
             ... on level 2 of the Dungeon.
             The game lasted 00:04:01 (1384 turns).

Gargoyl the Skirmisher (Demonspawn Abyssal Knight)  Turns: 1384, Time: 00:04:01

Health: -5/29      AC: 11    Str: 13    XL:     3   Next: 12%
Magic:  5/5        EV:  6    Int: 18    God:    Lugonu [*.....]
Gold:   131        SH:  0    Dex: 12    Spells: 0 memorised, 2 levels left

rFire  . . .     SeeInvis .     a - +1 hand axe
rCold  + . .     Clarity  .     e - +0 chain mail
rNeg   . . .     SustAt   .     (no shield)
rPois  .         Gourm    .     h - +0 helmet
rElec  .         Spirit   .     (no cloak)
rCorr  .         Warding  .     (no gloves)
rMut   .         Stasis   .     (no boots)
MR     .....                    (no amulet)
Stlth  ..........               p - ring of protection from cold
                                l - ring of loudness (curse)

@: brilliant, not resistant to hostile enchantments, extremely unstealthy
A: hooves 1, thin metallic scales 1
a: Depart the Abyss, Renounce Religion


You were on level 2 of the Dungeon.
You worshipped Lugonu.
Lugonu was aware of your devotion.
You were not hungry.

You visited 1 branch of the dungeon, and saw 2 of its levels.
You visited the Abyss 1 time.

You collected 131 gold pieces.

Inventory:

Hand Weapons
 a - a +1 hand axe (weapon)
Armour
 e - a +0 chain mail (worn)
 h - a +0 helmet (worn)
Jewellery
 l - a cursed ring of loudness (left hand)
 p - a ring of protection from cold (right hand)
Scrolls
 f - 2 scrolls of identify {unknown}
 g - 3 scrolls of remove curse {unknown}
 i - 2 scrolls of fog {unknown}
 o - a scroll of recharging {unknown}
Potions
 d - a potion of cancellation {unknown}
 m - a potion of might {unknown}
 n - a potion of poison {unknown}
Comestibles
 c - 3 bread rations
 k - 2 meat rations


   Skills:
 + Level 3.4 Fighting
 + Level 1.9 Axes
 + Level 2.1 Armour
 + Level 1.1 Dodging
 + Level 3.1 Invocations


You had 2 spell levels left.
You didn't know any spells.

Dungeon Overview and Level Annotations

Branches:
Dungeon (2/15)

Altars:

Annotations:
D:2 Crazy Yiuf


Innate Abilities, Weirdness & Mutations

You have large cloven feet.
You are partially covered in thin metallic scales (AC +2).


Message History

You barely miss Crazy Yiuf.
Crazy Yiuf is severely wounded.
Crazy Yiuf hits you with a quarterstaff of chaos.
* * * LOW HITPOINT WARNING * * *
Crazy Yiuf freezes you.
* * * LOW HITPOINT WARNING * * *
Crazy Yiuf hits you but does no damage.
Drink which item? (? for menu, Esc to quit)
It was a potion of brilliance.
You feel clever all of a sudden.
You hit Crazy Yiuf but do no damage.
Crazy Yiuf is severely wounded.
Crazy Yiuf hits you with a quarterstaff of chaos.
* * * LOW HITPOINT WARNING * * *
Crazy Yiuf burns you.
* * * LOW HITPOINT WARNING * * *
Drink which item? (? for menu, Esc to quit)
It was a potion of curing.
You feel better.
Crazy Yiuf hits you with a quarterstaff of chaos!
You die...

#.....###....####.##########
#.....# #....# #.# ......
#.....# ♣....♣ ### ######
####+## ♣...♣♣ ♣♣.♣♣ ♣.♣♣
♣♣.♣ ♣.♣♣ ♣♣@♣ #g# ... #...#
#..)# #####


You could see Crazy Yiuf.

Vanquished Creatures
  4 giant geckos
  4 bats (D:2)
  2 giant cockroaches
  3 goblins
  4 hobgoblins
  3 kobolds
  A quokka (D:2)
  A ball python (D:1)
  5 giant newts
  A rat (D:2)
28 creatures vanquished.

Notes
Turn   | Place    | Note
--------------------------------------------------------------
     0 | Abyss:1  | Gargoyl the Demonspawn Abyssal Knight began the quest for the Orb.
     0 | Abyss:1  | Reached XP level 1. HP: 18/18 MP: 2/2
    62 | Abyss:2  | Noticed a green death
    76 | Abyss:3  | Noticed a small abomination
    79 | Abyss:3  | Found a corrupted altar of Lugonu.
   103 | D:1      | Escaped the Abyss
   415 | D:1      | Gained mutation: You are partially covered in thin metallic scales (AC +2). [demonic ancestry]
   415 | D:1      | Reached XP level 2. HP: 22/24 MP: 4/4
   547 | D:1      | Reached * piety under Lugonu
   871 | D:2      | Reached skill level 1 in Dodging
  1107 | D:2      | Gained mutation: You have large cloven feet. [demonic ancestry]
  1107 | D:2      | Reached XP level 3. HP: 27/29 MP: 5/5
  1376 | D:2      | Noticed Crazy Yiuf
  1383 | D:2      | HP: 1/29 [Crazy Yiuf/quarterstaff of chaos (1)]
  1384 | D:2      | Slain by Crazy Yiuf

Action                   || total
-------------------------++-------
Melee: Hand axe          ||    98
Invok: Depart the Abyss  ||     1
  Use: Potion            ||     2
  Eat: Chunk             ||     2
